 Dungeon Crawl Stone Soup version 0.29-a0-1019-g84f7d21838 (webtiles) character file.

Game seed: 15918162349770315839

2492 Borgoz the Trooper (level 9, -12/58 HPs)
             Began as a Gargoyle Berserker on June 30, 2022.
             Was a Believer of Trog.
             Killed by divine providence
             ... invoked by an orc priest
              (17 damage)
             ... on level 8 of the Dungeon on Aug 10, 2022.
             The game lasted 00:11:20 (7864 turns).

Borgoz the Trooper (Gargoyle Berserker)             Turns: 7864, Time: 00:11:20

Health: -12/58     AC: 17    Str: 21    XL:     9   Next: 52%
Magic:  9/9        EV: 12    Int:  8    God:    Trog [**....]
Gold:   486        SH:  0    Dex: 13    Spells: 8/8 levels left

rFire   . . .      SeeInvis .   a - +1 flail (vorpal)
rCold   + . .      Faith    .   (no shield)
rNeg    + . .      Spirit   .   m - +0 scale mail
rPois   ∞          Reflect  .   i - +0 helmet
rElec   +          Harm     .   (no cloak)
rCorr   +          Rampage  .   p - +0 pair of gloves
Will    .....                   (no boots)
Stlth   ..........              (no amulet)
HPRegen 0.19/turn               c - ring of resist corrosion
MPRegen 0.11/turn               o - ring of protection from cold

@: on berserk cooldown, slowed, very slow
A: sickness immunity, AC +6, negative energy resistance 1, electricity
resistance, torment resistance 1, petrification resistance
a: Renounce Religion, Berserk, Trog's Hand


You were on level 8 of the Dungeon.
You worshipped Trog.
Trog was pleased with you.
You visited 1 branch of the dungeon, and saw 8 of its levels.

You collected 486 gold pieces.

Inventory:

Hand Weapons
 a - a +1 vorpal flail (weapon)
 b - a +0 dire flail
 u - a +1 mace
Missiles
 r - a throwing net (quivered)
Armour
 i - a +0 helmet (worn)
 m - a +0 scale mail (worn)
 p - a +0 pair of gloves (worn)
Jewellery
 c - a ring of resist corrosion (left hand)
 d - a ring of ice
 o - a ring of protection from cold (right hand)
Wands
 f - a wand of paralysis (3)
 l - a wand of digging (11)
Scrolls
 e - 3 scrolls of teleportation
 s - a scroll of magic mapping {unknown}
 v - a scroll of vulnerability {unknown}
 w - 2 scrolls of identify
 y - a scroll of fear {unknown}
Potions
 g - 7 potions of curing
 h - 5 potions of might {unknown}
 j - a potion of lignification {unknown}
 k - a potion of flight {unknown}
 n - 3 potions of brilliance {unknown}
 q - 4 potions of heal wounds
 t - a potion of cancellation {unknown}
 x - 2 potions of mutation {unknown}


   Skills:
 + Level 7.7 Fighting
 + Level 6.9 Maces & Flails
 + Level 7.2 Armour
 + Level 5.4 Dodging


You had 8 spell levels left.
You didn't know any spells.
Your spell library was empty.

Dungeon Overview and Level Annotations

Branches:
Dungeon (8/15)             Temple (0/1) D:4
   Lair: D:8-11

Altars:
Ashenzari
Cheibriados
Nemelex Xobeh
Ru
Trog
Uskayaw
Vehumet


Innate Abilities, Weirdness & Mutations

You are immune to sickness and miasma.
Your stone body is resilient. (AC +6)
You are immune to poison.
You resist negative energy. (rN+)
You are resistant to electric shocks. (rElec)
You are resistant to unholy torment.
You are immune to petrification.


Message History

The killer bee stings you but does no damage.
You barely miss the killer bee.
The killer bee is moderately wounded.
You feel the effects of Trog's Hand fading.
The killer bee misses you. The killer bee completely misses you.
The killer bee stings you but does no damage.
The killer bee barely misses you.
You closely miss the killer bee.
The killer bee is moderately wounded.
The killer bee barely misses you. The killer bee stings you. x2
You miss the killer bee.
The killer bee is moderately wounded.
The killer bee misses you. x2
The orc priest invokes the aid of Beogh against you.
Beogh smites you!
The killer bee stings you but does no damage.
You sock the killer bee!
The killer bee is almost dead.
Your skin stops crawling.
You feel less strong-willed.
The killer bee stings you but does no damage. x2
The killer bee barely misses you.
You closely miss the killer bee.
The killer bee is almost dead.
The killer bee barely misses you. x2; The killer bee misses you.
You closely miss the killer bee.
The killer bee is almost dead.
The killer bee stings you but does no damage.
The killer bee closely misses you. The killer bee stings you.
The orc priest mumbles some strange prayers to Beogh against you.
Beogh smites you!
* * * LOW HITPOINT WARNING * * *
The killer bee stings you.
* * * LOW HITPOINT WARNING * * *
You miss the killer bee.
The killer bee is almost dead.
The killer bee stings you but does no damage. x2
The killer bee misses you.
The orc priest mumbles some strange prayers to Beogh against you.
Beogh smites you!
You die...

######### ###.......#
################.........#
.........................+
.# #........####.#.......#
.# #.######.# #.#.......#
.# ######'## #@#.......#
.# #.......# #y#.......###
## #.......# #{o.oo.......
#.......# #####.#######
####.#.......# #.#
.....+.......+ ..o
..####.......# #...
..+.##.......# #.#.
..#'##.......# #.#..


You could see a killer bee and an orc priest.

Vanquished Creatures
  A hornet (D:8)
  A steam dragon (D:8)
  A water moccasin (D:8)
  An orc warrior (D:8)
  2 ice beasts
  3 black bears
  An ogre (D:5)
  A phantom (D:6)
  A kobold brigand (D:8)
  Blork the orc (D:5)
  2 necrophages
  3 scorpions
  3 killer bees (D:8)
  2 howler monkeys (D:6)
  A jelly (D:6)
  2 orc priests
  3 hounds
  4 orc wizards
  6 iguanas
  A river rat (D:4)
  9 adders
  A white imp (D:8)
  3 ufetubi
  A worm (D:5)
  2 dart slugs
  8 orcs
  8 endoplasms
  6 giant cockroaches
  6 hobgoblins
  4 jackals (D:4)
  5 quokkas
  7 ball pythons
  3 bats
  5 frilled lizards
  10 goblins
  11 kobolds
  3 rats
132 creatures vanquished.

Vanquished Creatures (others)
  A black bear (D:8)
1 creature vanquished.

Grand Total: 133 creatures vanquished

Notes
Turn   | Place    | Note
-------+----------+-------------------------------------------
     0 | D:1      | Borgoz the Gargoyle Berserker began the quest for the Orb.
     0 | D:1      | Reached XP level 1. HP: 14/14 MP: 1/1
   339 | D:1      | Reached XP level 2. HP: 17/19 MP: 2/2
   826 | D:1      | Found a faded altar of an unknown god.
  1622 | D:2      | Reached XP level 3. HP: 16/23 MP: 3/3
  2535 | D:3      | Reached XP level 4. HP: 29/29 MP: 4/4
  2645 | D:3      | Reached ** piety under Trog
  2749 | D:3      | Found a sparkling altar of Nemelex Xobeh.
  3320 | D:4      | Reached XP level 5. HP: 29/33 MP: 5/5
  3406 | D:4      | Found a staircase to the Ecumenical Temple.
  3481 | D:4      | You fall into a shaft and drop 3 floors!
  3560 | D:7      | Reached XP level 6. HP: 33/39 MP: 6/6
  3628 | D:6      | Noticed a black bear
  3638 | D:6      | Killed a black bear
  3702 | D:6      | Noticed an ice beast
  3703 | D:6      | Found a radiant altar of Vehumet.
  3709 | D:6      | Killed an ice beast
  3710 | D:6      | Reached skill level 5 in Fighting
  3710 | D:6      | Reached XP level 7. HP: 44/44 MP: 7/7
  3780 | D:5      | Entered Level 5 of the Dungeon
  3802 | D:5      | Noticed Blork the orc
  3811 | D:5      | Killed Blork the orc
  3812 | D:5      | Reached skill level 5 in Maces & Flails
  3926 | D:5      | Reached skill level 5 in Armour
  4006 | D:5      | Found a bloodstained altar of Trog.
  4143 | D:4      | Reached XP level 8. HP: 51/51 MP: 8/8
  5102 | D:5      | Found a broken altar of Ashenzari.
  5194 | D:5      | Found a snail-covered altar of Cheibriados.
  5651 | D:6      | Reached *** piety under Trog
  5931 | D:6      | Found the +3 pair of gauntlets of War {Slay+5}
  6422 | D:7      | Reached XP level 9. HP: 56/56 MP: 9/9
  7103 | D:7      | Found a hide-covered altar of Uskayaw.
  7175 | D:8      | Upgraded the game from 0.29-a0-757-g358383bc75 to
                  | 0.29-a0-1019-g84f7d21838
  7205 | D:8      | Reached skill level 5 in Dodging
  7208 | D:8      | Found a sacrificial altar of Ru.
  7488 | D:8      | Noticed a hornet
  7507 | D:8      | Killed a hornet
  7864 | D:8      | Killed from afar by an orc priest

Illustrated notes

Levels and vault maps discovered:
D:1:      roderic_chinese_lattice_arrival, layout_loops_ring,
          chequers_ecumenical_altar_grove
D:2:      layout_loops_ring
D:3:      minmay_chambers_of_twos, layout_basic, nemelex_dance_club_becter,
          kennysheep_generic_room_8
D:4:      layout_rooms, minmay_temple_entry_waves, gup_sewer_entry_bubbles
D:5:      layout_basic, cheibrodos_worm_habitat, mainiacjoe_overflow_two_lobes,
          uniq_blork_the_orc
D:6:      layout_loops_ring, general_overflow_altar
D:7:      layout_loops_corners, mainiacjoe_overflow_alcove_2,
          minmay_stone_trees_medium, minmay_misc_feat_room
D:8:      layout_basic, mainiacjoe_overflow_small_starburst

Skill      XL: |  1  2  3  4  5  6  7  8  9 |
---------------+----------------------------+-----
Dodging        | 2 3 4 5 |  5.4
Armour         | 3 4 5 6 7 |  7.2
Fighting       | 4 5 6 7 |  7.7
Maces & Flails | 4 5 6 |  6.9

Action                   |  1- 3 |  4- 6 |  7- 9 || total
-------------------------+-------+-------+-------++-------
Melee: Mace              |   134 |   145 |   241 ||   520
       Punch             |       |     1 |     5 ||     6
       Flail             |       |       |    71 ||    71
       Dire flail        |       |       |    21 ||    21
Invok: Berserk           |     4 |     4 |     8 ||    16
       Trog's Hand       |       |       |     1 ||     1
  Use: Scroll            |       |     6 |     1 ||     7
Armor: Animal skin       |    70 |       |       ||    70
       Scale mail        |     7 |    85 |   197 ||   289
Dodge: Dodged            |   101 |    92 |   271 ||   464

Table legend: (Time is in decaauts)
 A = Elapsed time spent in this place.
 B = Non-inter-level travel time spent in this place.
 C = Inter-level travel time spent in this place.
 D = Time resting spent in this place.
 E = Time spent auto-exploring this place.
 F = Levels seen in this place.
 G = Mean time per level.
                   A        B        C        D        E       F      G
               +--------+--------+--------+--------+--------+-----+--------+
         Total |   8116 |   7807 |    309 |    845 |   5153 |   8 | 1014.5 |
       Dungeon |   8116 |   7807 |    309 |    845 |   5153 |   8 | 1014.5 |
               +--------+--------+--------+--------+--------+-----+--------+

Top non-repeatable levels by time:
     D:1: 1487 daAuts
     D:5: 1380 daAuts
     D:2: 1052 daAuts
     D:6: 1001 daAuts
     D:7: 933 daAuts
     D:3: 828 daAuts
     D:8: 718 daAuts
     D:4: 715 daAuts
